 Dungeon Crawl Stone Soup version 0.20-a0-920-gb18bc0f (webtiles) character file.

109 Hybris the Chiller (level 4, -1/30 HPs)
             Began as a Barachi Ice Elementalist on Mar 24, 2017.
             Was an Initiate of Vehumet.
             Slain by Grinder (9 damage)
             ... while paralysed by Grinder
             ... on level 3 of the Dungeon on Mar 25, 2017.
             The game lasted 00:20:07 (3390 turns).

Hybris the Chiller (Barachi Ice Elementalist)       Turns: 3390, Time: 00:20:07

Health: -1/30      AC:  7    Str: 10    XL:     4   Next: 89%
Magic:  0/8        EV:  2    Int: 16    God:    Vehumet [......]
Gold:   104        SH:  0    Dex: 12    Spells: 3/9 levels left

rFire    . . .     SeeInvis .   (no weapon)
rCold    . . .     Gourm    .   (no shield)
rNeg     . . .     Faith    .   a - +0 robe
rPois    .         Spirit   +   (no helmet)
rElec    .         Reflect  .   s - scarf {Spirit}
rCorr    .         Harm     .   (no gloves)
MR       .....                  (no boots)
Stlth    ++........             (no amulet)
Regen    0.1/turn               j - ring of flight
MPRegen  0.2/turn               (no ring)

@: paralysed, icy armour, very slow
A: +LOS, swims, slowness 1, strong legs 1
a: Hop, Renounce Religion, Evoke Flight


You were on level 3 of the Dungeon.
You worshipped Vehumet.
Vehumet was noncommittal.
You were not hungry.

You visited 1 branch of the dungeon, and saw 3 of its levels.

You collected 104 gold pieces.

Inventory:

Armour
 a - a +0 robe (worn)
 m - a +0 cloak
 s - a scarf of spirit shield (worn)
Jewellery
 j - a ring of flight (left hand)
Scrolls
 d - a scroll of fear {unknown}
 e - a scroll of enchant armour {unknown}
 h - 4 scrolls of identify {unknown}
 l - a scroll of recharging {unknown}
 o - a scroll of magic mapping {unknown}
 r - a scroll of immolation {unknown}
Potions
 f - 2 potions of ambrosia {unknown}
 i - a potion of mutation {unknown}
 k - 2 potions of curing {unknown}
 n - a potion of haste {unknown}
 q - a potion of berserk rage {unknown}
Books
 b - a book of Frost

   Spells                             Type                      Level
   a - Freeze                         Ice                          1
   b - Throw Frost                    Conjuration/Ice              2
   c - Ozocubu's Armour               Charms/Ice                   3
   d - Throw Icicle                   Conjuration/Ice              4
   e - Summon Ice Beast               Ice/Summoning                4
Comestibles
 c - 2 bread rations
 g - a meat ration
 p - a chunk of flesh


   Skills:
 - Level 2.1 Dodging
 - Level 1.7 Stealth
 + Level 3.1 Spellcasting
 + Level 3.4 Conjurations
 - Level 4.5 Ice Magic


You had 3 spell levels left.
You knew the following spells:

 Your Spells              Type           Power        Failure   Level  Hunger
a - Freeze                Ice            ###.         3%          1    None
b - Throw Frost           Conj/Ice       ###...       8%          2    ##.....
c - Ozocubu's Armour      Chrm/Ice       #.......     21%         3    ###....


Dungeon Overview and Level Annotations

Branches:
Dungeon (3/15)

Altars:
Gozag
Hepliaklqana
Nemelex Xobeh
Vehumet

Annotations:
D:3 Grinder


Innate Abilities, Weirdness & Mutations

Shadows flee at your approach. (+LOS)
You can swim through water.
You cover ground slowly.
You can hop short distances.


Message History

Grinder hits you but does no damage.
Casting: Freeze
Confirm with . or Enter, or press ? or * to list all spells.
You don't have enough magic to cast that spell.
Unknown command.
You hit Grinder.
Grinder is lightly wounded.
Grinder gestures at you. Pain shoots through your body!
* * * LOW HITPOINT WARNING * * *
You closely miss Grinder.
Grinder is lightly wounded.
Grinder hits you but does no damage.
There is a stone staircase leading up here.
Grinder says, "DUCK!"
Grinder gestures at you.
You suddenly lose the ability to move!
Grinder hits you but does no damage. Grinder hits you!
You die...

.. # ##.... #
#####....# . ## ##
##.5@..# #
.##.?.####..####..#
###...........## #
...####.(.....
....5<...#####
.##..##### .###.#
## #... # #####


You could see Grinder.

Vanquished Creatures
  Terence (D:2)
  2 adders (D:2)
  A worm (D:2)
  4 dart slugs
  3 leopard geckos
  An orc (D:3)
  A ball python (D:1)
  2 giant cockroaches (D:1)
  4 goblins
  8 hobgoblins
  3 jackals (D:2)
  A quokka (D:2)
  3 bats
  4 frilled lizards
  9 kobolds
  7 rats
54 creatures vanquished.

Notes
Turn   | Place    | Note
-------+----------+-------------------------------------------
     0 | D:1      | Hybris the Barachi Ice Elementalist began the quest for the Orb.
     0 | D:1      | Reached XP level 1. HP: 13/13 MP: 3/3
   273 | D:1      | Reached XP level 2. HP: 18/19 MP: 1/5
   318 | D:1      | Learned a level 2 spell: Throw Frost
   393 | D:1      | Reached skill level 4 in Ice Magic
   875 | D:1      | Reached XP level 3. HP: 21/24 MP: 2/7
  1110 | D:1      | Learned a level 3 spell: Ozocubu's Armour
  1477 | D:2      | Noticed Terence
  1514 | D:2      | Killed Terence
  1514 | D:2      | Reached XP level 4. HP: 22/30 MP: 0/8
  1607 | D:2      | Found an opulent altar of Gozag.
  1607 | D:2      | Found a sparkling altar of Nemelex Xobeh.
  1744 | D:2      | Found a radiant altar of Vehumet.
  1783 | D:2      | Became a worshipper of Vehumet
  2308 | D:2      | Found a hazy altar of Hepliaklqana.
  2324 | D:2      | Upgraded the game from 0.20-a0-910-gb611367 to 0.20-a0-920-gb18bc0f
  2515 | D:3      | Noticed Grinder
  2617 | D:3      | Paralysed by Grinder for 2 turns
  2849 | D:3      | Paralysed by Grinder for 2 turns
  2858 | D:3      | Paralysed by Grinder for 4 turns
  3375 | D:3      | Paralysed by Grinder for 7 turns
  3388 | D:3      | Paralysed by Grinder for 4 turns
  3390 | D:3      | Slain by Grinder

Vault maps used:
D:1:      minmay_arrival_up_and_down, roderic_bali_sauvastika,
          minmay_statues_item, minmay_crystal_water, grunt_decor_one_mirror
D:2:      grunt_temple_overflow_opulence, vehumet_crystals, marbit_many_paths,
          first_bread, uniq_terence
D:3:      kennysheep_slug_shrine, lemuel_crystal_altar, due_unseen_surprise,
          uniq_natasha, uniq_grinder

Skill      XL: |  1  2  3  4 |
---------------+-------------+-----
Ice Magic      | 4 |  4.5
Conjurations   | 2 3 |  3.4
Spellcasting   | 3 |  3.1
Dodging        | |  2.1
Stealth        | |  1.7

Action                   |  1- 3 |  4- 6 || total
-------------------------+-------+-------++-------
Melee: Unarmed           |    23 |    52 ||    75
 Cast: Freeze            |    32 |    35 ||    67
       Throw Frost       |    21 |    12 ||    33
       Ozocubu's Armour  |       |     3 ||     3
 Abil: Hop               |     1 |       ||     1
 Stab: Sleeping          |       |     1 ||     1
  Eat: Chunk             |     4 |     7 ||    11
Armor: Robe              |     7 |    19 ||    26
Dodge: Dodged            |    29 |    35 ||    64
